 Dungeon Crawl Stone Soup version 0.30-a0-728-gc68057be0a (webtiles) character file.

Game seed: 3648793161159315619

128 screamidelica the Trooper (level 5, -3/34 HPs)
             Began as a Gargoyle Hexslinger on Jan 31, 2023.
             Slain by a gnoll
             ... wielding a +0 spear
             ... led by a gnoll sergeant
              (4 damage)
             ... on level 4 of the Dungeon.
             The game lasted 00:05:00 (3028 turns).

screamidelica the Trooper (Gargoyle Hexslinger)     Turns: 3028, Time: 00:05:01

Health: -3/34      AC: 10    Str: 16    XL:     5   Next: 11%
Magic:  6/6        EV:  9    Int: 14    God:
Gold:   112        SH:  0    Dex: 12    Spells: 5/6 levels left

rFire   + + +      SeeInvis .    a - +8 hand axe of the Sky {vamp, rF++}
rCold   + . .      Faith    .    (no shield)
rNeg    + . .      Spirit   .    g - +0 scale mail "Tymoyf" {Str+3}
rPois   ∞          Reflect  .    (no helmet)
rElec   +          Harm     .    f - scarf {shadows}
rCorr   +          Rampage  .    (no gloves)
Will    .....                    (no boots) Stlth
                                 (no amulet)
HPRegen 0.25/turn                (no ring)
MPRegen 0.10/turn                (no ring)

@: brilliant, resistant
A: sickness immunity, AC +4, negative energy resistance 1, electricity
resistance, torment resistance 1, petrification resistance
a: no special abilities


You were on level 4 of the Dungeon.
You visited 1 branch of the dungeon, and saw 4 of its levels.

You collected 112 gold pieces.

Inventory:

Hand Weapons
 a - the +8 hand axe of the Sky (weapon) {vamp, rF++}
   (You found it on level 2 of the Dungeon)

   rF:        It greatly protects you from fire.
 b - a +1 sling
Missiles
 r - a poisoned dart (quivered)
Armour
 f - a scarf of shadows (worn)
 g - the +0 scale mail "Tymoyf" (worn) {Str+3}
   (You found it on level 2 of the Dungeon)

   Str:       It affects your strength (+3).
Scrolls
 c - a scroll of amnesia {unknown}
 e - a scroll of poison
 i - a scroll of blinking {unknown}
 j - a scroll of silence {unknown}
 m - 4 scrolls of identify {@r1}
 p - a scroll of magic mapping {unknown}
 q - a scroll of immolation
Potions
 d - a potion of lignification {unknown}
 h - 2 potions of curing {unknown}
 o - a potion of degeneration


   Skills:
 - Level 4.3 Fighting
 * Level 2.1 Axes
 - Level 2.0 Ranged Weapons
 - Level 1.5 Dodging
 - Level 1.0 Spellcasting
 - Level 2.6 Hexes


You had 5 spell levels left.
You knew the following spells:

 Your Spells              Type           Power      Damage    Failure   Level
a - Slow                  Hex            48%        N/A       32%         1

Your spell library contained the following spells:

 Spells                   Type           Power      Damage    Failure   Level
 Inner Flame              Hex/Fire       6%         N/A       86%         3
 Portal Projectile        Hex/Tloc       12%        N/A       86%         3
 Cause Fear               Hex            6%         N/A       97%         4


Dungeon Overview and Level Annotations

Branches:
Dungeon (4/15)
 Temple: D:4-7

Altars:

Shops:
D:3 [


Innate Abilities, Weirdness & Mutations

You are immune to sickness and miasma.
Your stone body is resilient. (AC +4)
You are immune to poison.
You resist negative energy. (rN+)
You are resistant to electric shocks. (rElec)
You are resistant to unholy torment.
You are immune to petrification.


Message History

The gnoll sergeant closely misses you.
Throw: 3 darts (poison)
Press: ? - help, Q - select action, (/) - cycle Shift-Dir - straight line, f/p - gnoll sergeant
Aim: a gnoll sergeant, wielding a +0 spear and wearing a +0 scale mail (67% to hit)
You throw a poisoned dart.
The poisoned dart hits the gnoll sergeant.
The gnoll sergeant hits you but does no damage.
Throw: 2 darts (poison)
Press: ? - help, Q - select action, (/) - cycle Shift-Dir - straight line, f/p - gnoll sergeant
Aim: a gnoll sergeant, wielding a +0 spear and wearing a +0 scale mail (67% to hit)
You throw a poisoned dart.
The poisoned dart hits the gnoll sergeant.
The gnoll sergeant is poisoned.
The gnoll sergeant hits you from afar with a +0 spear.
Your magical contamination has completely faded away.
It was a potion of resistance.
You feel protected.
The gnoll sergeant hits you but does no damage.
The gnoll sergeant hits you with a +0 spear!
* * * LOW HITPOINT WARNING * * *
The gnoll closely misses you.
You hit the gnoll sergeant.
The gnoll sergeant is lightly wounded.
The gnoll sergeant hits you but does no damage.
The gnoll hits you but does no damage.
The gnoll sergeant hits you but does no damage.
The gnoll barely misses you.
You hit the gnoll sergeant.
The gnoll sergeant is moderately wounded.
The gnoll sergeant looks more healthy.
The gnoll sergeant hits you with a +0 spear.
* * * LOW HITPOINT WARNING * * *
The gnoll barely misses you.
Okay, then.
It was a potion of brilliance.
You feel clever all of a sudden.
The gnoll sergeant hits you with a +0 spear.
* * * LOW HITPOINT WARNING * * *
The gnoll hits you from afar with a +0 spear.
You die...

#.#.# # ##########.#.#
# #........#.#.###
#........#......
#........#...###
.#######............#
....................###
.#####.######.####.....
#@#≈≈ ≈≈≈≈≈≈..###.
#g#≈##≈≈≈##≈.## #.
#g#≈#######≈.# #.
#.(≈≈#...#≈≈.# #.
##...(..}#≈≈.# #.
##≈≈#...#≈≈.# #.
#≈#######≈.# #. #≈#
≈≈≈##≈.# #. #≈≈
≈≈≈≈≈≈.# #.


You could see a gnoll sergeant and a gnoll.

Vanquished Creatures
  3 gnolls (D:4)
  3 adders (D:2)
  A dart slug (D:1)
  12 endoplasms
  2 giant cockroaches
  4 goblins
  6 hobgoblins
  4 jackals (D:3)
  3 quokkas
  8 ball pythons
  2 bats
  4 frilled lizards
  3 kobolds
  11 rats
66 creatures vanquished.

Notes
Turn   | Place    | Note
-------+----------+-------------------------------------------
     0 | D:1      | screamidelica the Gargoyle Hexslinger began the quest for
                  | the Orb.
     0 | D:1      | Reached XP level 1. HP: 12/12 MP: 2/2
    50 | D:1      | Reached skill level 2 in Fighting
    59 | D:1      | Reached XP level 2. HP: 17/17 MP: 3/3
   391 | D:1      | You fall into a shaft and drop 1 floor!
   651 | D:2      | Identified the +0 scale mail "Tymoyf" {Str+3}
   673 | D:2      | Reached skill level 3 in Fighting
   673 | D:2      | Reached XP level 3. HP: 23/23 MP: 2/4
   956 | D:2      | Identified the +8 hand axe of the Sky {vamp, rF++}
  1104 | D:2      | Reached skill level 4 in Fighting
  1104 | D:2      | Reached XP level 4. HP: 26/29 MP: 5/5
  1772 | D:1      | Found a faded altar of an unknown god.
  2270 | D:3      | Reached skill level 1 in Axes
  2327 | D:3      | Found Karubesm's Antique Armour Shop.
  3006 | D:4      | Noticed a gnoll sergeant
  3012 | D:4      | Reached XP level 5. HP: 25/34 MP: 6/6
  3028 | D:4      | HP: 1/34 [gnoll sergeant/+0 spear (4)]
  3028 | D:4      | Slain by a gnoll

Illustrated notes

Levels and vault maps discovered:
D:1:      dpeg_arrival_arbitrary_a, layout_basic,
          hellmonk_ecumenical_altar_blasted, hex_large
D:2:      layout_loops_ring
D:3:      layout_loops_corners, serial_shops, nicolae_shop_statue_plus,
          minmay_misc_feat_iff
D:4:      layout_basic, dreamdust_princess_bridge, lightli_minifort,
          uniq_menkaure

Skill      XL: |  1  2  3  4  5 |
---------------+----------------+-----
Fighting       | 2 3 4 |  4.3
Axes           | 1 2 |  2.1
Ranged Weapons | |  2.0
Dodging        | |  1.5
Spellcasting   | |  1.0
Hexes          | |  2.6

Action                     |  1- 3 |  4- 6 || total
---------------------------+-------+-------++-------
  Melee: Dagger            |    18 |       ||    18
         Hand axe          |       |    57 ||    57
   Fire: Sling             |   100 |    10 ||   110
  Throw: Dart              |       |     2 ||     2
   Cast: Slow              |     7 |       ||     7
    Use: Scroll            |       |     3 ||     3
         Potion            |       |     2 ||     2
 Armour: Robe              |    22 |       ||    22
         Scale mail        |    28 |    34 ||    62
  Dodge: Dodged            |    52 |    36 ||    88

Table legend: (Time is in decaauts)
 A = Elapsed time spent in this place.
 B = Non-inter-level travel time spent in this place.
 C = Inter-level travel time spent in this place.
 D = Time resting spent in this place.
 E = Time spent auto-exploring this place.
 F = Levels seen in this place.
 G = Mean time per level.
                   A        B        C        D        E       F      G
               +--------+--------+--------+--------+--------+-----+--------+
         Total |   3083 |   2928 |    155 |    471 |   1996 |   4 |  770.8 |
       Dungeon |   3083 |   2928 |    155 |    471 |   1996 |   4 |  770.8 |
               +--------+--------+--------+--------+--------+-----+--------+

Top non-repeatable levels by time:
     D:2: 1247 daAuts
     D:3: 860 daAuts
     D:1: 849 daAuts
     D:4: 125 daAuts
